SL
D.C. DIVIDED @ GRAFTON MIDDIES
07/11/2029
 
TOP OF THE 1ST
D.C. Divided batting - Pitching for Grafton Middies : RHP Dave Turner
Pitching: RHP Dave Turner
Batting: RHB Roberto Maestas 0-0: Ball
1-0: Called Strike
1-1: Swinging Strike
1-2: Ball
2-2: Fly out, F8 (Flyball, 8LS)
Batting: RHB Arturo Rodríguez 0-0: Ball
1-0: Foul Ball, location: 2F
1-1: Called Strike
1-2: Strikes out swinging
Batting: LHB Neil Lawson 0-0: Ball
1-0: Foul Ball, location: 2F
1-1: Called Strike
1-2: Strikes out swinging
Top of the 1st over - 0 runs, 0 hits, 0 errors, 0 left on base; D.C. 0 - Grafton 0
BOTTOM OF THE 1ST
Grafton Middies batting - Pitching for D.C. Divided : RHP Manuel Delgadillo
Pitching: RHP Manuel Delgadillo
Batting: RHB Pedro Santos 0-0: Foul Ball, location: 2F
0-1: Called Strike
0-2: Ball
1-2: Strikes out swinging
Batting: RHB Carlos Maldonado 0-0: Ball
1-0: SINGLE (Groundball, 5D)
Batting: LHB Mario Ramos 0-0: Ball
1-0: 2-RUN HOME RUN (Flyball, 89XD), Distance : 402 ft
Batting: LHB Jorge Flores 0-0: Ball
1-0: SINGLE (Line Drive, 56)
Batting: RHB Stefano Gaddi 0-0: Ball
1-0: Ground out 3-1 (Groundball, 34S)
Jorge Flores to second
Batting: RHB Cristo González 0-0: Ground out 3-1 (Groundball, 34S)
Bottom of the 1st over - 2 runs, 3 hits, 0 errors, 1 left on base; D.C. 0 - Grafton 2
TOP OF THE 2ND
D.C. Divided batting - Pitching for Grafton Middies : RHP Dave Turner
Batting: RHB Wilfred McLaughlin 0-0: Ground out 5-3 (Groundball, 56)
Batting: LHB Obidiah Lewis 0-0: Ball
1-0: Swinging Strike
1-1: Foul Ball, location: 2F
1-2: Ball
2-2: SINGLE (Groundball, 4D)
Batting: RHB Mario Castillo 0-0: Called Strike
0-1: Ball
1-1: Foul Ball, location: 2F
1-2: Foul Ball, location: 2F
1-2: Grounds into double play, 5-4-3 (Groundball, 56)
Top of the 2nd over - 0 runs, 1 hit, 0 errors, 0 left on base; D.C. 0 - Grafton 2
BOTTOM OF THE 2ND
Grafton Middies batting - Pitching for D.C. Divided : RHP Manuel Delgadillo
Batting: RHB Dave Ash 0-0: Bunted foul
0-1: Ball
1-1: Swinging Strike
1-2: Foul Ball, location: 2F
1-2: SOLO HOME RUN (Flyball, 7LD), Distance : 366 ft
Batting: LHB John Meléndez 0-0: Ball
1-0: Called Strike
1-1: Ball
2-1: Called Strike
2-2: Fly out, F6 (Line Drive, 6)
Batting: LHB Phil MacNamara 0-0: Ball
1-0: Ball
2-0: Ground out 5-3 (Groundball, 56)
Batting: RHB Pedro Santos 0-0: SINGLE (Line Drive, 56D)
Batting: RHB Carlos Maldonado 0-0: Swinging Strike
0-1: Ball
1-1: 2-RUN HOME RUN (Flyball, 7LD), Distance : 366 ft
Batting: LHB Mario Ramos 0-0: Ground out 6-3 (Groundball, 6)
Bottom of the 2nd over - 3 runs, 3 hits, 0 errors, 0 left on base; D.C. 0 - Grafton 5
TOP OF THE 3RD
D.C. Divided batting - Pitching for Grafton Middies : RHP Dave Turner
Batting: RHB Julián Salcido 0-0: Ball
1-0: Called Strike
1-1: Foul Ball, location: 2F
1-2: Ball
2-2: Ball
3-2: Foul Ball, location: 2F
3-2: SINGLE (Line Drive, 5D)
Batting: RHB Nick Boyd 0-0: Ball
1-0: Ball
2-0: Hit by Pitch
Julián Salcido to second
Batting: LHB Sal Bradshaw 0-0: Ball
1-0: Foul Ball, location: 2F
1-1: Fly out, F4 (Line Drive, 4)
Batting: RHB Roberto Maestas 0-0: Called Strike
0-1: Ball
Julián Salcido steals 3rd base
Nick Boyd to second
1-1: Fly out, F6 (Line Drive, 56)
Batting: RHB Arturo Rodríguez 0-0: Ball
1-0: Ball
2-0: Called Strike
2-1: Ball
3-1: Swinging Strike
3-2: SINGLE (Groundball, 6MD)
Julián Salcido scores
Nick Boyd to third
Nick Boyd scores
Batting: LHB Neil Lawson 0-0: Ball
1-0: Ball
2-0: Called Strike
2-1: Fielders Choice at 2nd, 6-4 (Groundball, 6)
Top of the 3rd over - 2 runs, 2 hits, 0 errors, 1 left on base; D.C. 2 - Grafton 5
BOTTOM OF THE 3RD
Grafton Middies batting - Pitching for D.C. Divided : RHP Manuel Delgadillo
Batting: LHB Jorge Flores 0-0: Called Strike
0-1: Swinging Strike
0-2: Ball
1-2: Strikes out swinging
Batting: RHB Stefano Gaddi 0-0: Ball
1-0: Ground out 5-3 (Groundball, 56S)
Batting: RHB Cristo González 0-0: Called Strike
0-1: Foul Ball, location: 2F
0-2: Foul Ball, location: 2F
0-2: Fly out, F7 (Flyball, 7S)
Bottom of the 3rd over - 0 runs, 0 hits, 0 errors, 0 left on base; D.C. 2 - Grafton 5
TOP OF THE 4TH
D.C. Divided batting - Pitching for Grafton Middies : RHP Dave Turner
Batting: RHB Wilfred McLaughlin 0-0: Called Strike
0-1: Fly out, F6 (Popup, P)
Batting: LHB Obidiah Lewis 0-0: Ball
1-0: Ball
2-0: Ground out 4-3 (Groundball, 4)
Batting: RHB Mario Castillo 0-0: Foul Ball, location: 2F
0-1: Ball
1-1: Foul Ball, location: 2F
1-2: Ground out 6-3 (Groundball, 6)
Top of the 4th over - 0 runs, 0 hits, 0 errors, 0 left on base; D.C. 2 - Grafton 5
BOTTOM OF THE 4TH
Grafton Middies batting - Pitching for D.C. Divided : RHP Manuel Delgadillo
Batting: RHB Dave Ash 0-0: Ball
1-0: Ball
2-0: Ground out 6-3 (Groundball, 6M)
Batting: LHB John Meléndez 0-0: Called Strike
0-1: DOUBLE (Line Drive, 8RD)
Batting: LHB Phil MacNamara 0-0: Ball
1-0: Called Strike
1-1: Ball
2-1: Foul Ball, location: 2F
2-2: Ball
3-2: Strikes out swinging
Batting: RHB Pedro Santos 0-0: Called Strike
0-1: Foul Ball, location: 2F
0-2: Foul Ball, location: 2F
0-2: Ball
1-2: Ball
2-2: Foul Ball, location: 2F
2-2: Strikes out looking
Bottom of the 4th over - 0 runs, 1 hit, 0 errors, 1 left on base; D.C. 2 - Grafton 5
TOP OF THE 5TH
D.C. Divided batting - Pitching for Grafton Middies : RHP Dave Turner
Batting: RHB Julián Salcido 0-0: Ball
1-0: Fly out, F2 (Popup, 3SF)
Batting: RHB Nick Boyd 0-0: Ground out 5-3 (Groundball, 5)
Batting: LHB Sal Bradshaw 0-0: Ball
1-0: Ball
2-0: Ball
3-0: Called Strike
3-1: Base on Balls
Batting: RHB Roberto Maestas 0-0: Called Strike
Throwing error on steal attempt, E2
Sal Bradshaw to third
0-1: Ball
1-1: Called Strike
1-2: Fly out, F9 (Flyball, 9)
Top of the 5th over - 0 runs, 0 hits, 1 error, 1 left on base; D.C. 2 - Grafton 5
BOTTOM OF THE 5TH
Grafton Middies batting - Pitching for D.C. Divided : RHP Manuel Delgadillo
Batting: RHB Carlos Maldonado 0-0: Foul Ball, location: 2F
0-1: Ball
1-1: Fly out, F8 (Flyball, 8LS)
Batting: LHB Mario Ramos 0-0: Ground out 4-3 (Groundball, 4)
Batting: LHB Jorge Flores 0-0: Called Strike
0-1: Ground out 6-3 (Groundball, 6)
Bottom of the 5th over - 0 runs, 0 hits, 0 errors, 0 left on base; D.C. 2 - Grafton 5
TOP OF THE 6TH
D.C. Divided batting - Pitching for Grafton Middies : RHP Dave Turner
Batting: RHB Arturo Rodríguez 0-0: Ball
1-0: SINGLE (Line Drive, 4MD)
Batting: LHB Neil Lawson 0-0: Ball
1-0: Called Strike
1-1: Ball
2-1: Foul Ball, location: 2F
2-2: Ball
3-2: Strikes out swinging
Batting: RHB Wilfred McLaughlin 0-0: Ball
1-0: Ball
2-0: Ball
3-0: Base on Balls
Arturo Rodríguez to second
Batting: LHB Obidiah Lewis 0-0: Fly out, F9 (Line Drive, 89D)
Runner from 2nd tags up, SAFE at 3rd, no throw
Batting: RHB Mario Castillo 0-0: Ball
1-0: 3-RUN HOME RUN (Flyball, 7LD), Distance : 369 ft
Pitching: RHP Francis Cahill
Batting: RHB Julián Salcido 0-0: Called Strike
0-1: Fly out, F7 (Line Drive, 7S)
Top of the 6th over - 3 runs, 2 hits, 0 errors, 0 left on base; D.C. 5 - Grafton 5
BOTTOM OF THE 6TH
Grafton Middies batting - Pitching for D.C. Divided : RHP Manuel Delgadillo
Pitching: LHP Domingo Posadas
Batting: RHB Stefano Gaddi 0-0: Swinging Strike
0-1: Foul Ball, location: 2F
0-2: Ball
1-2: Foul Ball, location: 2F
1-2: Foul Ball, location: 2F
1-2: Ball
2-2: Foul Ball, location: 2F
2-2: Foul Ball, location: 2F
2-2: Fly out, F8 (Flyball, 8RXD)
Batting: RHB Cristo González 0-0: Swinging Strike
0-1: Fly out, F8 (Flyball, 89D)
Batting: RHB Dave Ash 0-0: Foul Ball, location: 2F
0-1: Ball
1-1: Called Strike
1-2: Ball
2-2: Foul Ball, location: 2F
2-2: Ball
3-2: Foul Ball, location: 2F
3-2: Base on Balls
Batting: LHB John Meléndez 0-0: Called Strike
0-1: DOUBLE (Line Drive, 8RD)
Dave Ash to third
Runner from 3rd tries for Home, SAFE, no throw
Batting: LHB Phil MacNamara 0-0: Foul Ball, location: 2F
0-1: Fly out, F6 (Line Drive, 6)
Bottom of the 6th over - 1 run, 1 hit, 0 errors, 1 left on base; D.C. 5 - Grafton 6
TOP OF THE 7TH
D.C. Divided batting - Pitching for Grafton Middies : RHP Francis Cahill
Batting: RHB Nick Boyd 0-0: Ball
1-0: Ball
2-0: Fly out, F7 (Flyball, 7)
Batting: LHB Sal Bradshaw 0-0: Foul Ball, location: 2F
0-1: Foul Ball, location: 2F
0-2: Ball
1-2: Ball
2-2: Fly out, F8 (Flyball, 8LS)
Batting: RHB Roberto Maestas 0-0: Ball
1-0: SINGLE (Flyball, 78S)
Batting: RHB Arturo Rodríguez 0-0: Ball
Roberto Maestas steals 2nd base
1-0: Foul Ball, location: 2F
1-1: Ball
2-1: Foul Ball, location: 2F
2-2: Foul Ball, location: 2F
2-2: Foul Ball, location: 2F
2-2: Foul Ball, location: 2F
2-2: Ball
3-2: SINGLE (Flyball, 9S) - OUT at second base trying to stretch hit.
Roberto Maestas scores
Top of the 7th over - 1 run, 2 hits, 0 errors, 0 left on base; D.C. 6 - Grafton 6
BOTTOM OF THE 7TH
Grafton Middies batting - Pitching for D.C. Divided : LHP Domingo Posadas
Batting: RHB Pedro Santos 0-0: Foul Ball, location: 2F
0-1: Fly out, F7 (Line Drive, 7)
Batting: RHB Carlos Maldonado 0-0: Called Strike
0-1: SINGLE (Groundball, 56D)
Batting: LHB Mario Ramos 0-0: Ball
1-0: Ball
2-0: Fly out, F1 (Line Drive, 15)
Batting: LHB Jorge Flores 0-0: Ball
1-0: Ball
2-0: Ball
3-0: Called Strike
3-1: Foul Ball, location: 2F
3-2: SINGLE (Groundball, 34D)
Carlos Maldonado to second
Carlos Maldonado to third
Batting: RHB Stefano Gaddi 0-0: Ball
1-0: Ground out 4-3 (Groundball, 4)
Bottom of the 7th over - 0 runs, 2 hits, 0 errors, 2 left on base; D.C. 6 - Grafton 6
TOP OF THE 8TH
D.C. Divided batting - Pitching for Grafton Middies : RHP Francis Cahill
Pitching: RHP Truman Valentine
Batting: LHB Neil Lawson 0-0: Foul Ball, location: 2F
0-1: Called Strike
0-2: Foul Ball, location: 2F
0-2: Ground out U3 (Groundball, 3)
Batting: RHB Wilfred McLaughlin 0-0: Called Strike
0-1: Ball
1-1: Ball
2-1: Ball
3-1: Foul Ball, location: 2F
3-2: Foul Ball, location: 2F
3-2: SINGLE (Line Drive, 56)
Batting: LHB Obidiah Lewis 0-0: Ball
1-0: Called Strike
1-1: Foul Ball, location: 2F
1-2: Foul Ball, location: 2F
1-2: Ball
2-2: Foul Ball, location: 2F
2-2: Foul Ball, location: 2F
2-2: Foul Ball, location: 2F
2-2: Ball
3-2: 2-RUN HOME RUN (Flyball, 89XD) (Inside the Park)
Batting: RHB Mario Castillo 0-0: Ball
1-0: Ball
2-0: Called Strike
2-1: Ball
3-1: DOUBLE (Groundball, 5L)
Batting: RHB Julián Salcido 0-0: Intentional Walk
Batting: RHB Nick Boyd 0-0: Swinging Strike
0-1: Called Strike
0-2: Fly out, F4 (Popup, 4M)
Batting: LHB Sal Bradshaw 0-0: Called Strike
0-1: Called Strike
0-2: Foul Ball, location: 2F
0-2: Strikes out swinging
Top of the 8th over - 2 runs, 3 hits, 0 errors, 2 left on base; D.C. 8 - Grafton 6
BOTTOM OF THE 8TH
Grafton Middies batting - Pitching for D.C. Divided : LHP Domingo Posadas
Batting: RHB Cristo González 0-0: Ball
1-0: Ball
2-0: Called Strike
2-1: Swinging Strike
2-2: Strikes out swinging
Batting: RHB Dave Ash 0-0: Fly out, F8 (Flyball, 8RD)
Batting: LHB John Meléndez 0-0: Ball
1-0: Ball
2-0: Foul Ball, location: 2F
2-1: Ball
3-1: Called Strike
3-2: Strikes out swinging
Bottom of the 8th over - 0 runs, 0 hits, 0 errors, 0 left on base; D.C. 8 - Grafton 6
TOP OF THE 9TH
D.C. Divided batting - Pitching for Grafton Middies : RHP Truman Valentine
Batting: RHB Roberto Maestas 0-0: Ball
1-0: Foul Ball, location: 2F
1-1: Foul Ball, location: 2F
1-2: Foul Ball, location: 2F
1-2: Ball
2-2: Ball
3-2: SINGLE (Line Drive, 56D)
Batting: RHB Arturo Rodríguez 0-0: Bunted foul
0-1: Bunted foul
0-2: Ball
1-2: Strikes out swinging
Batting: LHB Neil Lawson 0-0: Ball
1-0: Swinging Strike
1-1: Ball
2-1: SINGLE (Groundball, 4M) (infield hit)
Roberto Maestas to second
Batting: RHB Wilfred McLaughlin 0-0: Ball
1-0: Called Strike
1-1: Grounds into double play, 6-4-3 (Groundball, 6)
Top of the 9th over - 0 runs, 2 hits, 0 errors, 1 left on base; D.C. 8 - Grafton 6
BOTTOM OF THE 9TH
Grafton Middies batting - Pitching for D.C. Divided : LHP Domingo Posadas
Pitching: RHP Ángel Ruíz
Batting: LHB Phil MacNamara 0-0: Ball
1-0: Ball
2-0: Foul Ball, location: 2F
2-1: Foul Ball, location: 2F
2-2: SINGLE (Groundball, 34D)
Pinch Runner at 1st Orlando Reyes:
Batting: RHB Pedro Santos 0-0: Ball
1-0: Reached on error, E4 (Groundball, 4M)
Orlando Reyes to second
Batting: RHB Carlos Maldonado 0-0: Ball
1-0: SINGLE (Groundball, 5D)
Orlando Reyes to third
Pedro Santos to second
Batting: LHB Mario Ramos 0-0: Ball
1-0: Foul Ball, location: 2F
1-1: Swinging Strike
1-2: Ball
2-2: Ball
3-2: Foul Ball, location: 2F
3-2: Foul Ball, location: 2F
3-2: DOUBLE (Line Drive, 7D)
Orlando Reyes scores
Pedro Santos scores
Carlos Maldonado to third
Batting: LHB Jorge Flores 0-0: Intentional Walk
Batting: RHB Stefano Gaddi 0-0: Ball
1-0: Called Strike
1-1: Ball
2-1: Ball
3-1: Called Strike
3-2: Fly out, F8 (Line Drive, 8LS)
Runner from 3rd tags up, SCORES, no throw
Tuesday, December 19th, 2017 - OOTP Baseball 18.8 Build 76